 Dungeon Crawl Stone Soup version 0.32-a0-361-g289a535e89 (webtiles) character file.

Game seed: 435069972901412641

6 runemasterragnar the Slasher (level 1, -3/16 HPs)
             Began as a Coglin Gladiator on Feb 18, 2024.
             Slain by a gnoll
             ... wielding a +0 flail
              (4 damage)
             ... on level 1 of the Dungeon.
             The game lasted 00:00:23 (124 turns).

runemasterragnar the Slasher (Coglin Gladiator)      Turns: 124, Time: 00:00:24

Health: -3/16      AC:  4    Str: 14    XL:     1   Next: 90%
Magic:  1/1        EV: 12    Int:  7    God:
Gold:   0          SH:  0    Dex: 15    Spells: 0/0 levels left

rFire   . . .        a - +0 long sword {Wira}
rCold   . . .        (no shield)
rNeg    . . .        b - +0 leather armour
rPois   .            c - +0 helmet
rElec   .            (no cloak)
rCorr   .            (no gloves)
SInv    .            (no boots)
Will    .....        (no amulet)
Stlth   +            (no ring)
HPRegen 0.22/turn    (no ring)
MPRegen 0.07/turn

%: no passive effects
@: revved, stiff-legged, very slow
A: off-hand wielding, slow wielding, warmup strikes, warmup strides
a: no special abilities


You were on level 1 of the Dungeon.
You visited 1 branch of the dungeon, and saw 1 of its levels.

Inventory:

Hand Weapons
 a - a +0 long sword (weapon) {Wira}
Missiles
 d - 3 throwing nets (quivered)
 e - a javelin
Armour
 b - a +0 leather armour (worn)
 c - a +0 helmet (worn)
Potions
 f - a potion of heal wounds {unknown}
 g - a potion of cancellation {unknown}


   Skills:
 + Level 2.1 Fighting
 * Level 3.2 Long Blades
 + Level 1.9 Throwing
 - Level 2.6 Dodging


You couldn't memorise any spells.
You didn't know any spells.
Your spell library was empty.

Dungeon Overview and Level Annotations

Branches:
Dungeon (1/15)

Altars:


Innate Abilities, Weirdness & Mutations

You can wield a second weapon in your off-hand.
It takes a long time for you to wield or remove held weapons.
Your first few attacks do less damage.
Your first movements take longer.


Message History

The giant cockroach bites you. The goblin hits you with a +0 club.
The bat barely misses you.
The ball python bites you but does no damage.
The ball python closely misses you. The giant cockroach bites you.
The goblin barely misses you.
A gnoll comes into view. It is wielding a +0 flail.
The gnoll shouts!
The bat hits you but does no damage. The ball python bites you.
The ball python barely misses you. The goblin hits you with a +0 club.
The ball python bites you but does no damage.
The ball python barely misses you. The bat barely misses you.
The goblin barely misses you.
The ball python attacks as it pursues you!
The ball python misses you. The ball python barely misses you.
You barely miss the ball python. The ball python barely misses you.
The ball python grabs you. The ball python constricts you.
The ball python closely misses you. The ball python constricts you.
You barely miss the ball python.
The ball python bites you but does no damage.
The ball python constricts you.
You slash the ball python!
You kill the ball python!
The bat barely misses you. The bat closely misses you.
You closely miss the bat. The bat barely misses you.
The bat closely misses you.
You closely miss the bat. The bat closely misses you.
You hit the giant cockroach.
You kill the giant cockroach!
The bat barely misses you.
You hit the goblin.
The goblin is moderately wounded.
The bat barely misses you. The goblin closely misses you.
You hit the goblin.
You kill the goblin!
The bat hits you but does no damage. x2; The gnoll hits you with a +0 flail!
* * * LOW HITPOINT WARNING * * *
You hit the gnoll.
The gnoll is heavily wounded.
The bat barely misses you. The gnoll hits you with a +0 flail.
You die...

.........# ..........
.........# #.g......# #####
.........# #<..#.
#........# ###.#.
#........# #...#.
.#########g## ###.####
..........@# #...# #.
#........b.# #.#####.
#.........# #...#...
#.........# ... ###.#.#.
##.....##.# ...# #...#.
#.....##.# ...# ###.##
###.....##.##...# #...#.
........##.#.....(.###.####
.##......#.#..## #.#.....#


You could see a gnoll and a bat.

Vanquished Creatures
  A ball python (D:1)
  A giant cockroach (D:1)
  A goblin (D:1)
3 creatures vanquished.

Notes
Turn   | Place    | Note
-------+----------+-------------------------------------------
     0 | D:1      | runemasterragnar the Coglin Gladiator began the quest for
                  | the Orb.
     0 | D:1      | Reached XP level 1. HP: 16/16 MP: 1/1
   124 | D:1      | Slain by a gnoll

Illustrated notes

Levels and vault maps discovered:
D:1:      elethiomel_arrival_maze, layout_basic, minmay_tromino_mix6

Action                     || total
---------------------------++-------
  Melee: Long sword        ||    13
 Armour: Leather armour    ||    18
  Dodge: Dodged            ||    23

Table legend: (Time is in decaauts)
 A = Elapsed time spent in this place.
 B = Non-inter-level travel time spent in this place.
 C = Inter-level travel time spent in this place.
 D = Time resting spent in this place.
 E = Time spent auto-exploring this place.
 F = Levels seen in this place.
 G = Mean time per level.
                   A        B        C        D        E       F      G
               +--------+--------+--------+--------+--------+-----+--------+
         Total |    130 |    130 |      0 |      0 |    105 |   1 |  130.0 |
       Dungeon |    130 |    130 |      0 |      0 |    105 |   1 |  130.0 |
               +--------+--------+--------+--------+--------+-----+--------+

Top non-repeatable levels by time:
     D:1: 130 daAuts
